 Dungeon Crawl Stone Soup version 0.25-a0-634-gd1561dc703 (webtiles) character file.

Game seed: 10462289993804594253, levelgen mode: deterministic

8 An17 the Ducker (level 2, 22/22 HPs)
             Began as a Demonspawn Gladiator on Mar 20, 2020.
             Got out of the dungeon alive.
             The game lasted 00:01:17 (359 turns).

An17 the Ducker (Demonspawn Gladiator)               Turns: 359, Time: 00:01:18

Health: 22/22      AC:  4    Str: 14    XL:     2   Next: 0%
Magic:  11/11      EV: 13    Int:  9    God:
Gold:   17         SH:  0    Dex: 14    Spells: 1/1 levels left

rFire    . . .     SeeInvis .   a - +0 quarterstaff
rCold    . . .     Gourm    .   (shield currently unavailable)
rNeg     . . .     Faith    .   b - +0 leather armour
rPois    .         Spirit   .   c - +0 helmet
rElec    .         Reflect  .   (no cloak)
rCorr    .         Harm     .   (no gloves)
MR       .....                  (no boots)
Stlth    +.........             (no amulet)
HPRegen  0.07/turn              h - ring of magical power
MPRegen  0.12/turn              g - ring of flight

@: no status effects
A: powered by death 1
a: Evoke Flight


You escaped.
You were not hungry.

You visited 1 branch of the dungeon, and saw 1 of its levels.

You collected 17 gold pieces.

Inventory:

Hand Weapons
 a - a +0 quarterstaff (weapon)
Missiles
 d - 3 throwing nets (quivered)
Armour
 b - a +0 leather armour (worn)
 c - a +0 helmet (worn)
 k - a +0 ring mail
Jewellery
 g - a ring of flight (right hand)
 h - a ring of magical power (left hand)
 j - an uncursed ring of protection from cold {unknown}
Potions
 e - a potion of brilliance {unknown}
 i - 2 potions of heal wounds {unknown}
Comestibles
 f - 2 rations


   Skills:
 + Level 2.1 Fighting
 + Level 2.8 Staves
 + Level 1.8 Throwing
 + Level 3.0 Dodging


You had one spell level left.
You didn't know any spells.
Your spell library was empty.

Dungeon Overview and Level Annotations

Branches:
Dungeon (1/15)

Altars:


Innate Abilities, Weirdness & Mutations

You regenerate a little health from kills.


Message History

The giant cockroach bites you. The giant cockroach closely misses you.
You hit the giant cockroach.
The giant cockroach is severely wounded.
The giant cockroach bites you.
You closely miss the giant cockroach.
The giant cockroach is severely wounded.
The giant cockroach bites you.
The giant cockroach bites you but does no damage.
You sock the giant cockroach!
You kill the giant cockroach!
You have reached level 2!
Your demonic ancestry asserts itself...
A wave of death washes over you.
You see here a ring mail.
k - a ring mail You see here a ball python corpse.
There is an open door here.
There is a staircase leading out of the dungeon here.
Are you sure you want to leave the Dungeon?
This will make you lose the game!
You have escaped!

#........##........# #.#
#...##...##...##...# #.#
#..####..##..# ##..# #.#
#..####..##..####..# #.#
#...##...##...##...### #.#
#..................#.# #.#
##................##.# #.#
######..##..#######.###.#
######..##@.######....#.#
##................##.#.#.#
#..................#.#.#.#
#...##...##...##...#.#.#.#
#..####..##..####..#.....#
#..####..##..# ..###.###
#...##...##... ..#(#.#
#........##.... ..#...#
##'......####.... .+#.###


There were no monsters in sight!

Vanquished Creatures
  A leopard gecko (D:1)
  A ball python (D:1)
  A giant cockroach (D:1)
  A kobold (D:1)
  2 bats (D:1)
6 creatures vanquished.

Notes
Turn   | Place    | Note
-------+----------+-------------------------------------------
     0 | D:1      | An17 the Demonspawn Gladiator began the quest for the Orb.
     0 | D:1      | Reached XP level 1. HP: 16/16 MP: 1/1
   114 | D:1      | Reached skill level 3 in Dodging
   311 | D:1      | Gained mutation: You regenerate a little health from kills.
                  | [demonic ancestry]
   311 | D:1      | Reached XP level 2. HP: 18/22 MP: 2/2
   359 | D:$      | Got out of the dungeon alive.

Levels and vault maps discovered:
D:1:      minmay_arrival_four_loops, layout_basic, hangedman_decor_points

Skill      XL: |  1 |
---------------+----+-----
Dodging        | 3 |  3.0
Fighting       | |  2.1
Staves         | |  2.8
Throwing       | |  1.8

Action                   || total
-------------------------++-------
Melee: Quarterstaff      ||    19
  Use: Scroll            ||     3
Armor: Leather armour    ||     7
Dodge: Dodged            ||    14

Table legend:
 A = Non-vault XP
 B = Vault XP
 C = Vault XP percentage of total XP
 D = Non-vault monster count
 E = Vault monster count
 F = Vault count percentage of total count
                 A         B        C        D         E       F
            +---------+---------+-------+---------+---------+-------
      Total |      12 |       0 |   0.0 |       6 |       0 |   0.0
            +---------+---------+-------+---------+---------+-------
        D:1 |      12 |       0 |   0.0 |       6 |       0 |   0.0
            +---------+---------+-------+---------+---------+-------
